 Dungeon Crawl Stone Soup version 0.20.1-1-g8b1a95d (webtiles) character file.

686 Jazqa the Chopper (level 7, -8/50 (51) HPs)
             Began as a Halfling Fighter on Oct 28, 2017.
             Mangled by an ogre
             ... wielding a +0 giant spiked club
              (22 damage)
             ... on level 5 of the Dungeon.
             The game lasted 00:06:16 (4098 turns).

Jazqa the Chopper (Halfling Fighter)                Turns: 4098, Time: 00:06:16

HP:   -8/50 (51)    AC:  9    Str: 24    XL:     7   Next: 94%
MP:   7/7           EV:  9    Int:  6    God:
Gold: 191           SH: 10    Dex: 14    Spells: 6/6 levels left

rFire    . . .     SeeInvis .   e - +1 hand axe (flame)
rCold    . . .     Gourm    .   c - +0 shield
rNeg     . . .     Faith    .   b - +0 scale mail
rPois    .         Spirit   .   r - +1 helmet
rElec    .         Reflect  .   (no cloak)
rCorr    .         Harm     .   (no gloves)
MR       .....                  (no boots)
Stlth    ..........             (no amulet)
Regen    0.2/turn               (no ring)
MPRegen  0.1/turn               (no ring)

@: mighty
A: mutation resistance 1
a: no special abilities


You were on level 5 of the Dungeon.
You were not hungry.

You visited 1 branch of the dungeon, and saw 5 of its levels.
You also visited: Sewer.

You collected 191 gold pieces.


Innate Abilities, Weirdness & Mutations

You are small and have problems with some larger weapons.
You are somewhat resistant to further mutation.


   Skills:
 + Level 5.7 Fighting
 + Level 6.2 Axes
 - Level 3.2 Armour
 - Level 3.2 Shields


You had 6 spell levels left.
You didn't know any spells.

Inventory:

Hand Weapons
 e - a +1 hand axe of flaming (weapon)
Armour
 b - a +0 scale mail (worn)
 c - a +0 shield (worn)
 r - a +1 helmet (worn)
Scrolls
 j - 2 scrolls of teleportation {@r4}
 m - 6 scrolls of remove curse {@r2}
 q - 3 scrolls of identify {@r1}
 s - a scroll of fog
 t - 2 scrolls of blinking
Potions
 d - a potion of berserk rage {!q}
 g - a potion of mutation {!q}
 l - 3 potions of brilliance
 n - 3 potions of agility
 o - a potion of flight {unknown}
Books
 a - a book of Minor Magic

   Spells                             Type                      Level
   a - Magic Dart                     Conjuration                  1
   b - Blink                          Translocation                2
   c - Call Imp                       Summoning                    2
   d - Slow                           Hexes                        2
   e - Conjure Flame                  Conjuration/Fire             3
   f - Mephitic Cloud                 Conjuration/Poison/Air       3
Comestibles
 f - 2 bread rations {@e1}
 h - 3 royal jellies {@e3}
 i - 4 meat rations {@e1}

Dungeon Overview and Level Annotations

Branches:
Dungeon (5/15)             Temple (0/1) D:5

Altars:
Elyvilon
Uskayaw

######## .......# .......#
.......# #'###### ######## ..#
#......#
#####################......###***
............(...@O......)...?.,,,
###.#####<##########....######,*,
#.# #.####### #....# *,*,
###.#####.......#**#....#*** *,**
.....(.(..........,.......,***,**
..#.............##########..**,**
#.########......# **.**,**
#'##### #......# *,,*,** ......#
######## *********,*,**


You could see an ogre.


Message History

The frilled lizard bites you but does no damage.
You slash the frilled lizard! You burn the frilled lizard.
You kill the frilled lizard!
You hit the ogre. You burn the ogre.
The ogre is lightly wounded.
You block the ogre's attack.
You closely miss the ogre.
The ogre is lightly wounded.
The ogre barely misses you.
You slash the ogre! You burn the ogre.
The ogre is heavily wounded.
You hit the ogre but do no damage.
The ogre is heavily wounded.
The ogre hits you with a giant spiked club!!
You closely miss the ogre.
The ogre is heavily wounded.
The ogre hits you with a giant spiked club!
* * * LOW HITPOINT WARNING * * *
You barely miss the ogre.
The ogre is heavily wounded.
The ogre hits you with a giant spiked club!
* * * LOW HITPOINT WARNING * * *
You feel very mighty all of a sudden.
You slash the ogre! You burn the ogre.
The ogre is severely wounded.
The ogre completely misses you.
You barely miss the ogre.
The ogre is severely wounded.
The ogre hits you with a giant spiked club!!
You die...

Skill      XL: |  1  2  3  4  5  6  7 |
---------------+----------------------+-----
Fighting       | 3 4 5 |  5.7
Axes           | 3 4 5 6 |  6.2
Armour         | |  3.2
Shields        | |  3.2

Action                   |  1- 3 |  4- 6 |  7- 9 || total
-------------------------+-------+-------+-------++-------
Melee: War axe           |    73 |       |       ||    73
       Hand axe          |    16 |   223 |    94 ||   333
  Use: Scroll            |     2 |     8 |     6 ||    16
       Potion            |       |       |     3 ||     3
  Eat: Chunk             |     1 |     6 |     3 ||    10
       Bread ration      |       |       |     1 ||     1
Armor: Scale mail        |    48 |    75 |    42 ||   165
Dodge: Dodged            |    46 |    60 |    44 ||   150
Block: Shield            |    60 |    85 |    64 ||   209

Vault maps used:
D:1:      lightli_arrival_quake, feat_on_display
D:2:      elyvilon_altar_3
D:3:      kennysheep_generic_room_13
D:4:      first_bread, kennysheep_generic_room_12
D:5:      temple_pool_b, basic_altar, cheibrodos_sewer_entry_bend,
          kennysheep_generic_room_7
Sewer:    sewer_fruit_machine

Notes
Turn   | Place    | Note
-------+----------+-------------------------------------------
     0 | D:1      | Jazqa the Halfling Fighter began the quest for the Orb.
     0 | D:1      | Reached XP level 1. HP: 15/15 MP: 1/1
   155 | D:1      | Reached XP level 2. HP: 14/20 MP: 2/2
   165 | D:1      | Reached skill level 3 in Fighting
   379 | D:1      | Reached XP level 3. HP: 26/26 MP: 3/3
   902 | D:2      | Reached skill level 3 in Axes
  1072 | D:2      | Found a white marble altar of Elyvilon.
  1188 | D:2      | Reached XP level 4. HP: 30/31 MP: 4/4
  1658 | D:3      | Reached XP level 5. HP: 37/37 MP: 5/5
  1814 | D:3      | Reached skill level 4 in Fighting
  1814 | D:3      | Reached skill level 4 in Axes
  2461 | D:4      | Reached XP level 6. HP: 31/44 MP: 6/6
  2849 | D:5      | Entered Level 5 of the Dungeon
  2869 | D:5      | Reached skill level 5 in Axes
  2949 | D:5      | Found a hide-covered altar of Uskayaw.
  3041 | D:5      | Reached XP level 7. HP: 37/49 MP: 7/7
  3052 | D:5      | Reached skill level 5 in Fighting
  3450 | D:5      | Found a glowing drain.
  3481 | Sewer    | Entered a sewer
  3865 | D:4      | Reached skill level 6 in Axes
  4098 | D:5      | Mangled by an ogre

Vanquished Creatures
  A necrophage (D:5)
  An ogre (D:4)
  A centaur (D:5)
  A crimson imp (D:5)
  A centaur zombie (D:4)
  A hound (D:5)
  A bullfrog skeleton (D:5)
  2 iguanas
  An orc wizard (D:4)
  2 worker ants
  5 adders
  An ooze (D:2)
  6 worms
  5 dart slugs
  A leopard gecko (Sewer)
  12 orcs
  3 ball pythons
  6 giant cockroaches
  5 goblins
  4 hobgoblins
  10 jackals
  4 quokkas
  16 bats
  6 frilled lizards
  3 kobolds
  A leopard gecko skeleton (D:4)
  A quokka skeleton (D:4)
  7 rats
108 creatures vanquished.
